 Dungeon Crawl Stone Soup version 0.27-a0-1191-g601b473118 (webtiles) character file.

Game seed: 16933331243896073183

184526 flotson the Covert (level 18, -19/216 HPs)
             Began as a Gnoll Delver on May 23, 2021.
             Was the Champion of the Shining One.
             Shot with an arrow by a deep elf master archer (20 damage)
             ... on level 3 of the Elven Halls on May 24, 2021.
             The game lasted 01:21:20 (34326 turns).

flotson the Covert (Gnoll Delver)                  Turns: 34326, Time: 01:21:21

Health: -19/216    AC: 22    Str: 25    XL:     18   Next: 41%
Magic:  0/34       EV: 10    Int: 10    God:    the Shining One [******]
Gold:   1799       SH: 19    Dex: 14    Spells: 7/41 levels left

rFire    + . .     SeeInvis .   a - +8 broad axe (spect)
rCold    + . .     Faith    .   v - +0 tower shield
rNeg     + + +     Spirit   +   U - +4 plate armour
rPois    +         Reflect  .   l - +2 hat of the Bear Spirit {Spirit, +Rage rN+ Will++}
rElec    +         Harm     .   t - +0 cloak {rPois}
rCorr    .         Rampage  .   d - +0 pair of gloves
Will     +++..                  I - +0 pair of boots
Stlth    ..........             A - amulet of regeneration
HPRegen  1.46/turn              K - +6 ring of strength
MPRegen  0.24/turn              G - ring "Xolen" {+Blink rElec rF+ rC+}

@: berserking, corroded, glowing, very quick
A: fangs 1, strong nose, distributed training
a: Renounce Religion, Evoke Blink, Evoke Berserk Rage, Divine Shield, Cleansing
Flame, Summon Divine Warrior


You were on level 3 of the Elven Halls.
You worshipped the Shining One.
The Shining One was exalted by your worship.
You visited 5 branches of the dungeon, and saw 27 of its levels.

You collected 3182 gold pieces.
You spent 1383 gold pieces at shops.

Inventory:

Hand Weapons
 a - a +8 spectral broad axe (weapon)
 b - a +5 broad axe of holy wrath
Missiles
 s - 9 atropa-tipped darts
 x - 3 throwing nets
 M - 7 javelins (quivered)
 P - 15 curare-tipped darts
 Q - 4 silver boomerangs
Armour
 d - a +0 pair of gloves (worn)
 l - the +2 hat of the Bear Spirit (worn) {Spirit, +Rage rN+ Will++}
   (You found it on level 6 of the Dungeon)

   It protects you from negative energy.
   It lets you go berserk.
   It greatly increases your willpower.
 t - a +0 cloak of poison resistance (worn)
 v - a +0 tower shield (worn)
 I - a +0 pair of boots (worn)
 U - a +4 plate armour (worn)
Jewellery
 c - a ring of poison resistance
 A - an amulet of regeneration (around neck)
 G - the ring "Xolen" (right hand) {+Blink rElec rF+ rC+}
   (You bought it in a shop on level 2 of the Orcish Mines)

   [ring of protection from cold]

   It protects you from fire.
   It protects you from cold.
   It insulates you from electricity.
   It lets you blink.
 K - a +6 ring of strength (left hand)
Wands
 f - a wand of flame (70)
 g - a wand of digging (13)
 j - a wand of charming (17)
 q - a wand of paralysis (18)
 y - a wand of iceblast (21)
 B - a wand of acid (4)
 N - a wand of mindburst (73)
 Y - a wand of polymorph (16)
Scrolls
 e - 7 scrolls of fear
 h - 10 scrolls of teleportation
 k - 7 scrolls of enchant armour
 m - 4 scrolls of silence
 n - 2 scrolls of holy word
 p - 2 scrolls of vulnerability
 w - 4 scrolls of immolation
 C - 5 scrolls of magic mapping
 J - 6 scrolls of fog
 W - 6 scrolls of identify
Potions
 i - 2 potions of ambrosia
 r - 4 potions of lignification
 u - 3 potions of mutation
 z - 4 potions of cancellation
 D - 6 potions of flight
 E - 5 potions of curing
 L - 3 potions of heal wounds
 O - 5 potions of berserk rage
 R - 4 potions of might
 V - a potion of magic
 X - 2 potions of haste
 Z - a potion of attraction
Miscellaneous
 T - a tin of tremorstones (2/2)


   Skills:
 + Level 13.5 Fighting
 + Level 12.1 Short Blades
 + Level 12.1 Long Blades
 + Level 12.1 Axes
 + Level 12.1 Maces & Flails
 + Level 12.8 Polearms
 + Level 12.1 Staves
 + Level 12.1 Slings
 + Level 12.1 Bows
 + Level 12.1 Crossbows
 + Level 12.1 Throwing
 + Level 12.1 Armour
 + Level 12.8 Dodging
 + Level 14.8 Stealth
 + Level 12.1 Shields
 + Level 12.1 Unarmed Combat
 + Level 12.1 Spellcasting
 + Level 10.4 Conjurations
 + Level 10.4 Hexes
 + Level 10.4 Summonings
 + Level 10.4 Necromancy
 + Level 10.4 Translocations
 + Level 10.4 Transmutations
 + Level 10.4 Fire Magic
 + Level 10.4 Ice Magic
 + Level 10.4 Air Magic
 + Level 10.4 Earth Magic
 + Level 10.4 Poison Magic
 + Level 13.1 Invocations
 + Level 12.1 Evocations


You had 7 spell levels left.
You knew the following spells:

 Your Spells              Type           Power      Damage    Failure   Level
a - Ensorcelled Hibernat  Hex/Ice        52%        N/A       11%         2
b - Confusing Touch       Hex            26%        N/A       22%         3
c - Dazzling Flash        Conj/Hex       52%        N/A       22%         3
d - Inner Flame           Hex/Fire       26%        N/A       22%         3
e - Tukima's Dance        Hex            26%        N/A       22%         3
f - Passwall              Tmut/Erth      21%        N/A       11%         2
g - Hailstorm             Conj/Ice       26%        3d7       58%         4
h - Lee's Rapid Deconstr  Erth           13%        3d10*     90%         5
i - Swiftness             Air            26%        N/A       22%         3
j - Silence               Hex/Air        13%        N/A       90%         5
k - Apportation           Tloc           52%        N/A       8%          1

Your spell library contained the following spells:

 Spells                   Type           Power      Damage    Failure   Level
 Animate Skeleton         Necr           52%        N/A       8%          1
 Beastly Appendage        Tmut           52%        N/A       8%          1
 Corona                   Hex            28%        N/A       8%          1
 Foxfire                  Conj/Fire      100%       2x1d9     8%          1
 Freeze                   Ice            100%       1d11      8%          1
 Pain                     Necr           100%       1d9       8%          1
 Sandblast                Erth           52%        2d12      8%          1
 Shock                    Conj/Air       100%       1d9       8%          1
 Summon Small Mammal      Summ           100%       N/A       8%          1
 Call Imp                 Summ           26%        N/A       11%         2
 Static Discharge         Conj/Air       26%        N/A       11%         2
 Wereblood                Tmut           26%        N/A       11%         2
 Call Canine Familiar     Summ           26%        N/A       22%         3
 Conjure Flame            Conj/Fire      26%        6-21      22%         3
 Frozen Ramparts          Ice            52%        1d7       22%         3
 Ozocubu's Armour         Ice            26%        N/A       22%         3
 Spider Form              Tmut/Pois      13%        N/A       22%         3
 Stone Arrow              Conj/Erth      52%        3d10      22%         3
 Summon Guardian Golem    Hex/Summ       26%        N/A       22%         3
 Vampiric Draining        Necr           13%        2d7       22%         3
 Airstrike                Air            13%        N/A       58%         4
 Animate Dead             Necr           13%        N/A       58%         4
 Cause Fear               Hex            13%        N/A       58%         4
 Ice Form                 Ice/Tmut       26%        N/A       58%         4
 Leda's Liquefaction      Hex/Erth       13%        N/A       58%         4
 Petrify                  Tmut/Erth      26%        N/A       58%         4
 Sticky Flame             Conj/Fire      26%        2d5       58%         4
 Summon Ice Beast         Ice/Summ       26%        N/A       58%         4
 Summon Lightning Spire   Summ/Air       26%        N/A       58%         4
 Agony                    Necr           26%        N/A       90%         5
 Bolt of Magma            Conj/Fire/Erth 13%        4d8       90%         5
 Borgnjor's Vile Clutch   Necr/Erth      13%        N/A       90%         5
 Fireball                 Conj/Fire      13%        3d7       90%         5
 Hydra Form               Tmut           13%        N/A       90%         5
 Irradiate                Conj/Tmut      13%        3d17      90%         5
 Lightning Bolt           Conj/Air       13%        1d26      90%         5
 Metabolic Englaciation   Hex/Ice        13%        N/A       90%         5
 Yara's Violent Unravell  Hex/Tmut       13%        3d7       90%         5
 Blade Hands              Tmut           13%        N/A       100%        6
 Statue Form              Tmut/Erth      17%        N/A       100%        6
 Dragon Form              Tmut           13%        N/A       100%        7
 Discord                  Hex            13%        N/A       100%        8


Dungeon Overview and Level Annotations

Branches:
Dungeon (15/15)            Temple (1/1) D:4            Lair (6/6) D:8
 Shoals (0/4) Lair:2        Snake (0/4) Lair:4        Slime (0/5) Lair:6
    Orc (2/2) D:10            Elf (3/3) Orc:2        Vaults (0/5) D:13
 Depths (0/5) D:15

Altars:
Ashenzari
Cheibriados
Dithmenos
Elyvilon
Fedhas
Gozag
Hepliaklqana
Kikubaaqudgha
Makhleb
Nemelex Xobeh
Okawaru
Qazlal
Ru
Sif Muna
Trog
Uskayaw
Vehumet
Wu Jian
Xom
Yredelemnul
Zin
The Shining One
Beogh

Shops:
D:9 *   D:10 ?   Orc:2 *[*=


Innate Abilities, Weirdness & Mutations

You have very sharp teeth.
Your uncanny sense of smell can sniff out nearby items.
Your experience applies equally to all skills.


Message History

The deep elf blademaster hits your angel with a +0 short sword! x2
Your angel dies!
The deep elf master archer shoots an arrow.
The arrow hits you!!
The deep elf blademaster shouts!
A red film seems to cover your vision as you go berserk!
You feel yourself moving faster!
You feel mighty!
An air elemental comes into view.
The deep elf sorcerer hits you with a +0 short sword.
You block the deep elf blademaster's attack.
The deep elf blademaster hits you but does no damage.
The deep elf master archer shoots an arrow.
The arrow hits you.
* * * LOW HITPOINT WARNING * * *
You block the deep elf sorcerer's attack.
The deep elf master archer shoots an arrow.
The arrow hits you!!
* * * LOW HITPOINT WARNING * * *
You slash the deep elf blademaster!
The deep elf blademaster is almost dead.
You closely miss the deep elf sorcerer. You slice the deep elf annihilator!!
Your spectral weapon hits the deep elf sorcerer!!
Your spectral weapon hits the deep elf blademaster!
You kill the deep elf blademaster!
Your spectral weapon hits the deep elf annihilator!
Your spectral weapon hits the deep elf master archer!
Your spectral weapon misses the deep elf sorcerer.
A vortex of raging winds appears around the air elemental!
The deep elf sorcerer casts a spell at you.
The bolt of acid hits your spectral weapon!!!
Your spectral weapon is splashed with acid.
Your spectral weapon shares its damage with you! x2
Your spectral weapon fades away.
The bolt of acid hits you!!!
* * * LOW HITPOINT WARNING * * *
The acid corrodes you!
You are splashed with acid!
* * * LOW HITPOINT WARNING * * *
The deep elf master archer shoots an arrow.
The arrow hits you!!
You die...

∆ ∆#. ∆∆∆#. ∆∆∆##. ∆
∆#..∆ ∆∆∆#.e### #######
∆∆∆##Eee§####.....####.
#..e.e..............
#)@)...[#...#.....
####.............#
####.......###
####)#### #)# #)# #.#
##.# ##..#


You could see a deep elf master archer, a deep elf annihilator, 2 deep elf
sorcerers, a deep elf high priest and an air elemental.

Vanquished Creatures
  Nikola (Elf:2)
  2 deep elf blademasters
  Gastronok (Lair:1)
  Kirke (D:12)
  Roxanne (Elf:3)
  2 deep elf sorcerers
  Louise (Elf:2)
  3 orc warlords
  3 deep elf annihilators
  The ghost of pokeman the Eclecticist, a journeyman DEWz of Vehumet (Lair:3)
  An ettin (Orc:2)
  Josephine (Lair:3)
  Harold (D:10)
  3 vault guards (D:13)
  11 hydras
  6 boulder beetles
  Erolcha (Orc:2)
  5 catoblepae
  6 centaur warriors
  2 death knights
  11 death yaks
  Erica (D:11)
  4 tengu warriors
  23 dancing weapons
  Urug (D:12)
  9 orc high priests (Orc:2)
  17 deep elf knights
  2 lindwurms (Lair:5)
  5 deep elf archers
  A wizard (D:13)
  26 deep elf pyromancers
  22 deep elf zephyrmancers
  4 orc knights
  4 necromancers
  6 cyclopes
  An oklob plant (Lair:3)
  6 orc sorcerers
  22 ugly things
  9 manticores
  Maurice (D:13)
  6 elephants
  6 black mambas
  A black mamba (shapeshifter) (D:14)
  A cane toad (shapeshifter) (D:11)
  2 naga magi (D:15)
  16 cane toads
  10 komodo dragons
  2 unseen horrors
  An efreet (D:14)
  A yaktaur (shapeshifter) (D:14)
  5 rime drakes
  2 freezing wraiths
  A tengu conjurer (D:15)
  A queen bee (Lair:5)
  10 trolls
  3 meliai (Lair:5)
  2 polar bears
  6 slime creatures
  6 dream sheep (Lair:6)
  16 blink frogs
  A meliai zombie (D:15)
  A vampire (D:11)
  2 air elementals
  A centaur simulacrum (D:15)
  A shadow (D:11)
  10 wraiths
  4 wyverns
  18 humans (D:13)
  4 basilisks
  4 hogs (D:12)
  4 vampire mosquitoes
  43 yaks
  2 steam dragons
  14 wargs
  2 acid dragons
  24 water moccasins
  A sky beast (D:5)
  32 orc warriors
  An ice beast (D:8)
  5 boggarts (D:14)
  2 necrophages
  A black bear (D:4)
  9 ogres
  7 centaurs
  32 wolves
  A phantom (D:5)
  A kobold brigand (D:10)
  12 bullfrogs
  A gnoll sergeant (Orc:1)
  2 scorpions (D:5)
  An earth elemental (Elf:3)
  36 killer bees
  5 howler monkeys
  11 wights
  4 electric eels
  A bullfrog zombie (D:6)
  3 centaur skeletons
  2 jellies
  9 centaur zombies
  9 hounds
  34 orc priests
  A gnoll shaman (Orc:1)
  Jessica (D:2)
  Terence (D:2)
  An iguana (D:4)
  21 orc wizards
  8 hell rats (Lair:5)
  A killer bee zombie (D:8)
  A hound skeleton (D:4)
  A howler monkey zombie (D:6)
  Robin (D:2)
  12 gnolls
  A howler monkey skeleton (D:7)
  5 adders
  A white imp (D:6)
  4 worms
  3 dart slugs
  119 orcs
  12 endoplasms
  2 giant cockroaches
  20 goblins
  12 hobgoblins
  4 jackals (D:5)
  A quokka (D:4)
  5 ball pythons
  2 bats
  3 frilled lizards (D:2)
  21 kobolds
  2 rats
  A bush (Lair:3)
950 creatures vanquished.

Vanquished Creatures (collateral kills)
  A deep elf master archer (Elf:3)
  2 deep elf sorcerers (Elf:3)
  2 deep elf annihilators (Elf:3)
  A deep elf death mage (Elf:3)
  A deep elf high priest (Elf:3)
  3 deep elf knights (Elf:2)
  A deep elf archer (Elf:2)
  A deep elf pyromancer (Elf:2)
  A warg (Orc:2)
  An earth elemental (Elf:3)
14 creatures vanquished.

Vanquished Creatures (others)
  An orc (Orc:1)
  32 fungi
  64 plants
  10 toadstools (D:3)
107 creatures vanquished.

Grand Total: 1071 creatures vanquished

Notes
Turn   | Place    | Note
-------+----------+-------------------------------------------
     0 | D:5      | Reached skill level 9 in Stealth
     0 | D:5      | flotson the Gnoll Delver began the quest for the Orb.
     0 | D:5      | Reached XP level 1. HP: 23/23 MP: 1/1
   175 | D:5      | Noticed a hound
   182 | D:5      | Killed a hound
   183 | D:5      | Reached XP level 2. HP: 29/29 MP: 1/3
   183 | D:5      | Reached XP level 3. HP: 35/35 MP: 1/4
   259 | D:2      | Noticed Terence
   292 | D:2      | Reached skill level 1 in Invocations
   334 | D:2      | Killed Terence
   335 | D:2      | Reached skill level 1 in Short Blades
   335 | D:2      | Reached skill level 1 in Long Blades
   335 | D:2      | Reached skill level 1 in Axes
   335 | D:2      | Reached skill level 1 in Maces & Flails
   335 | D:2      | Reached skill level 1 in Staves
   335 | D:2      | Reached skill level 1 in Slings
   335 | D:2      | Reached skill level 1 in Bows
   335 | D:2      | Reached skill level 1 in Crossbows
   335 | D:2      | Reached skill level 1 in Throwing
   335 | D:2      | Reached skill level 1 in Armour
   335 | D:2      | Reached skill level 1 in Shields
   335 | D:2      | Reached skill level 1 in Unarmed Combat
   335 | D:2      | Reached skill level 1 in Spellcasting
   335 | D:2      | Reached skill level 1 in Evocations
   335 | D:2      | Reached XP level 4. HP: 29/41 MP: 5/5
   529 | D:2      | Noticed Jessica
   536 | D:2      | Killed Jessica
   537 | D:2      | Reached skill level 1 in Conjurations
   537 | D:2      | Reached skill level 1 in Hexes
   537 | D:2      | Reached skill level 1 in Summonings
   537 | D:2      | Reached skill level 1 in Necromancy
   537 | D:2      | Reached skill level 1 in Translocations
   537 | D:2      | Reached skill level 1 in Transmutations
   537 | D:2      | Reached skill level 1 in Fire Magic
   537 | D:2      | Reached skill level 1 in Ice Magic
   537 | D:2      | Reached skill level 1 in Air Magic
   537 | D:2      | Reached skill level 1 in Earth Magic
   537 | D:2      | Reached skill level 1 in Poison Magic
  1339 | D:1      | Found a faded altar of an unknown god.
  1421 | D:1      | Became a worshipper of Elyvilon the Healer
  1421 | D:1      | Reached * piety under Elyvilon
  1465 | D:2      | Reached XP level 5. HP: 47/47 MP: 6/6
  1834 | D:2      | Noticed Robin
  1894 | D:2      | Killed Robin
  1918 | D:2      | Reached ** piety under Elyvilon
  2442 | D:3      | Noticed an ogre
  2453 | D:3      | Killed an ogre
  2454 | D:3      | Reached XP level 6. HP: 53/53 MP: 8/8
  2785 | D:3      | Found an ornate altar of the Wu Jian Council.
  2940 | D:3      | Reached skill level 5 in Polearms
  2940 | D:3      | Reached skill level 5 in Dodging
  3242 | D:4      | Found a staircase to the Ecumenical Temple.
  3281 | D:4      | Found a snail-covered altar of Cheibriados.
  3373 | D:4      | Noticed a necrophage
  3386 | D:4      | Killed a necrophage
  3387 | D:4      | Reached XP level 7. HP: 57/59 MP: 10/10
  3717 | D:4      | Found a blossoming altar of Fedhas.
  4198 | D:5      | Reached skill level 10 in Stealth
  4198 | D:5      | Reached XP level 8. HP: 50/67 MP: 12/12
  4454 | D:5      | Reached *** piety under Elyvilon
  5089 | D:6      | Found the +2 hat of the Bear Spirit {Spirit, +Rage rN+
                  | Will++}
  5679 | D:6      | Identified the +9 whip of the Big Bang {freeze, *Noise rC++
                  | Str-2 Dex+9}
  5880 | D:7      | Noticed a yak
  5880 | D:7      | Noticed a yak
  5902 | D:7      | Noticed a yak
  5907 | D:6      | Killed a yak
  5995 | D:7      | Reached XP level 9. HP: 62/73 MP: 10/14
  6065 | D:7      | Reached **** piety under Elyvilon
  7056 | D:8      | Found a white marble altar of Elyvilon.
  7201 | Temple   | Entered the Ecumenical Temple
  7407 | Temple   | Fell from the grace of Elyvilon
  7407 | Temple   | Became a worshipper of the Shining One
  7407 | Temple   | Reached * piety under the Shining One
  7407 | Temple   | Reached ** piety under the Shining One
  7628 | D:8      | Noticed a troll
  7646 | D:8      | Killed a troll
  7647 | D:8      | Reached skill level 5 in Invocations
  7691 | D:8      | Reached XP level 10. HP: 37/80 MP: 13/17
  7985 | D:8      | Found a staircase to the Lair.
  8073 | D:8      | Reached skill level 5 in Short Blades
  8073 | D:8      | Reached skill level 5 in Long Blades
  8073 | D:8      | Reached skill level 5 in Axes
  8073 | D:8      | Reached skill level 5 in Maces & Flails
  8073 | D:8      | Reached skill level 5 in Staves
  8073 | D:8      | Reached skill level 5 in Slings
  8073 | D:8      | Reached skill level 5 in Bows
  8073 | D:8      | Reached skill level 5 in Crossbows
  8073 | D:8      | Reached skill level 5 in Throwing
  8073 | D:8      | Reached skill level 5 in Armour
  8073 | D:8      | Reached skill level 5 in Shields
  8073 | D:8      | Reached skill level 5 in Unarmed Combat
  8073 | D:8      | Reached skill level 5 in Spellcasting
  8073 | D:8      | Reached skill level 5 in Evocations
  8847 | D:9      | Found a sparkling altar of Nemelex Xobeh.
  8865 | D:9      | Reached *** piety under the Shining One
  9361 | D:9      | Found Kefaw's Serpentskin Sales.
  9370 | D:9      | Bought 5 curare-tipped darts for 36 gold pieces
  9370 | D:9      | Bought 6 curare-tipped darts for 43 gold pieces
  9566 | D:9      | Learned a level 2 spell: Ensorcelled Hibernation
  9570 | D:9      | Learned a level 3 spell: Confusing Touch
  9574 | D:9      | Learned a level 3 spell: Dazzling Flash
  9586 | D:9      | Learned a level 3 spell: Inner Flame
  9590 | D:9      | Learned a level 3 spell: Tukima's Dance
  9755 | D:9      | Found a snail-covered altar of Cheibriados.
  9961 | D:9      | Found a shadowy altar of Dithmenos.
  9961 | D:9      | Found a hide-covered altar of Uskayaw.
 10135 | D:10     | Entered Level 10 of the Dungeon
 10336 | D:10     | Reached skill level 11 in Stealth
 10838 | D:9      | Reached XP level 11. HP: 84/87 MP: 17/19
 11104 | D:10     | Identified the +3 ring mail of Indomitability {Rampage
                  | *Slow Int+7 Slay-6}
 11110 | D:10     | Found Qaeth's Magic Scroll Emporium.
 11122 | D:10     | Bought a scroll of identify for 26 gold pieces
 11122 | D:10     | Bought a scroll of identify for 26 gold pieces
 11263 | D:10     | Noticed Harold
 11268 | D:10     | Killed Harold
 11419 | D:10     | Reached skill level 5 in Conjurations
 11419 | D:10     | Reached skill level 5 in Hexes
 11419 | D:10     | Reached skill level 5 in Summonings
 11419 | D:10     | Reached skill level 5 in Necromancy
 11419 | D:10     | Reached skill level 5 in Translocations
 11419 | D:10     | Reached skill level 5 in Transmutations
 11419 | D:10     | Reached skill level 5 in Fire Magic
 11419 | D:10     | Reached skill level 5 in Ice Magic
 11419 | D:10     | Reached skill level 5 in Air Magic
 11419 | D:10     | Reached skill level 5 in Earth Magic
 11419 | D:10     | Reached skill level 5 in Poison Magic
 11554 | D:9      | Reached **** piety under the Shining One
 11911 | D:10     | Found a staircase to the Orcish Mines.
 11972 | Lair:1   | Entered Level 1 of the Lair of Beasts
 12085 | Lair:1   | Noticed a five-headed hydra
 12227 | Lair:1   | Killed a five-headed hydra
 12396 | Lair:1   | Noticed Gastronok
 12416 | Lair:1   | Killed Gastronok
 12684 | Lair:1   | Noticed a seven-headed hydra
 12692 | Lair:1   | Killed a seven-headed hydra
 12693 | Lair:1   | Reached XP level 12. HP: 66/96 MP: 14/22
 13635 | Lair:2   | Found a staircase to the Shoals.
 13761 | Lair:2   | Learned a level 2 spell: Passwall
 13980 | Lair:2   | Reached skill level 10 in Fighting
 14533 | Lair:3   | Reached skill level 12 in Stealth
 14578 | Lair:3   | Found an ornate altar of the Wu Jian Council.
 14578 | Lair:3   | Noticed a boulder beetle
 14609 | Lair:3   | Killed a boulder beetle
 14615 | Lair:3   | Found a hide-covered altar of Uskayaw.
 14642 | Lair:3   | Noticed pokeman's ghost (journeyman DEWz)
 14644 | Lair:3   | Found a transporter.
 14654 | Lair:3   | Found a transporter.
 14766 | Lair:3   | Reached XP level 13. HP: 78/103 MP: 14/24
 14984 | Lair:3   | Identified the +6 spear of the Muttering Asp {drain, Will+
                  | Dex+2}
 15130 | Lair:3   | Found a hazy altar of Hepliaklqana.
 15283 | Lair:3   | Learned a level 4 spell: Hailstorm
 15641 | Lair:4   | Noticed Josephine
 15810 | Lair:3   | Killed Josephine
 16252 | Lair:4   | Found a staircase to the Snake Pit.
 16791 | Lair:5   | Reached ***** piety under the Shining One
 18274 | Lair:5   | Reached XP level 14. HP: 111/111 MP: 22/26
 18405 | Lair:5   | Reached skill level 10 in Polearms
 18405 | Lair:5   | Reached skill level 10 in Dodging
 18530 | Lair:5   | Identified Apnahid's Compendium of Earth and the Snowflakes
 19014 | Lair:6   | Entered Level 6 of the Lair of Beasts
 19490 | Lair:6   | Reached skill level 10 in Invocations
 20021 | Lair:6   | Found a staircase to the Slime Pits.
 20763 | Lair:6   | Reached skill level 13 in Stealth
 21270 | Lair:3   | Killed pokeman's ghost
 21475 | Orc:1    | Entered Level 1 of the Orcish Mines
 21942 | Orc:1    | Noticed an orc warlord
 22196 | D:10     | Killed an orc warlord
 22425 | Orc:1    | Reached XP level 15. HP: 118/119 MP: 26/28
 22571 | Orc:2    | Entered Level 2 of the Orcish Mines
 22571 | Orc:2    | Noticed Erolcha
 22576 | Orc:2    | Killed Erolcha
 22810 | Orc:2    | Reached ****** piety under the Shining One
 22897 | Orc:2    | Found Wuluc's General Store.
 22897 | Orc:2    | Found Neystremo's Jewellery Emporium.
 23225 | Orc:2    | Found a staircase to the Elven Halls.
 23343 | Orc:2    | Reached skill level 10 in Short Blades
 23343 | Orc:2    | Reached skill level 10 in Long Blades
 23343 | Orc:2    | Reached skill level 10 in Axes
 23343 | Orc:2    | Reached skill level 10 in Maces & Flails
 23343 | Orc:2    | Reached skill level 10 in Staves
 23343 | Orc:2    | Reached skill level 10 in Slings
 23343 | Orc:2    | Reached skill level 10 in Bows
 23343 | Orc:2    | Reached skill level 10 in Crossbows
 23343 | Orc:2    | Reached skill level 10 in Throwing
 23343 | Orc:2    | Reached skill level 10 in Armour
 23343 | Orc:2    | Reached skill level 10 in Shields
 23343 | Orc:2    | Reached skill level 10 in Unarmed Combat
 23343 | Orc:2    | Reached skill level 10 in Spellcasting
 23343 | Orc:2    | Reached skill level 10 in Evocations
 23379 | Orc:2    | Found Efuop's General Store.
 23379 | Orc:2    | Found Dicvi's Antique Armour Emporium.
 23508 | Orc:2    | Bought a scroll of enchant weapon for 97 gold pieces
 23529 | Orc:2    | Bought the ring "Xolen" {+Blink rElec rF+ rC+} for 689 gold
                  | pieces
 23915 | Orc:1    | Noticed an orc warlord
 23915 | Orc:1    | Noticed an orc warlord
 23926 | Orc:2    | HP: 5/120 [orc warlord/+1 vorpal great sword (13)]
 24173 | Orc:2    | Killed an orc warlord
 24439 | Orc:2    | Killed an orc warlord
 24718 | Orc:2    | Bought a potion of might for 52 gold pieces
 24718 | Orc:2    | Bought a potion of heal wounds for 65 gold pieces
 24834 | D:10     | Bought a scroll of fog for 26 gold pieces
 24834 | D:10     | Bought a scroll of magic mapping for 45 gold pieces
 24834 | D:10     | Bought a scroll of enchant armour for 97 gold pieces
 24834 | D:10     | Bought a scroll of fear for 45 gold pieces
 24834 | D:10     | Bought a scroll of fog for 26 gold pieces
 24840 | D:10     | Learned a level 5 spell: Lee's Rapid Deconstruction
 24958 | Orc:2    | Bought a potion of heal wounds for 65 gold pieces
 24958 | Orc:2    | Bought a scroll of fear for 45 gold pieces
 25079 | D:11     | Noticed Erica
 25099 | D:11     | Killed Erica
 26445 | D:12     | Learned a level 3 spell: Swiftness
 26455 | D:12     | Noticed Urug
 26462 | D:12     | Killed Urug
 26530 | D:12     | Identified a +5 broad axe of holy wrath (a +3 broad axe
                  | blessed by the Shining One)
 26530 | D:12     | Received a gift from the Shining One
 26892 | D:12     | Noticed Kirke
 26900 | D:12     | Killed Kirke
 27108 | D:13     | Reached XP level 16. HP: 110/127 MP: 23/30
 27554 | D:13     | Found a gate to the Vaults.
 27680 | D:13     | Noticed Maurice
 27688 | D:13     | Killed Maurice
 28495 | D:14     | Identified the ring of Aczoomos {Ice Str+3 Dex+4}
 29605 | D:15     | Entered Level 15 of the Dungeon
 29630 | D:15     | Identified the +0 chain mail "Gehocronn" {rCorr Dex+5}
 29664 | D:15     | Found a staircase to the Depths.
 29667 | D:15     | Reached skill level 14 in Stealth
 30220 | D:15     | Reached XP level 17. HP: 104/135 MP: 21/32
 30893 | Elf:1    | Entered Level 1 of the Elven Halls
 30984 | Elf:1    | Identified the Reference Book on Conjuration
 31170 | Elf:1    | Learned a level 5 spell: Silence
 31179 | Elf:1    | Learned a level 1 spell: Apportation
 32198 | Elf:2    | Found a runed translucent gate.
 32198 | Elf:2    | Found a runed translucent gate.
 32199 | Elf:2    | Found a runed translucent gate.
 32581 | Elf:2    | Reached skill level 10 in Conjurations
 32581 | Elf:2    | Reached skill level 10 in Hexes
 32581 | Elf:2    | Reached skill level 10 in Summonings
 32581 | Elf:2    | Reached skill level 10 in Necromancy
 32581 | Elf:2    | Reached skill level 10 in Translocations
 32581 | Elf:2    | Reached skill level 10 in Transmutations
 32581 | Elf:2    | Reached skill level 10 in Fire Magic
 32581 | Elf:2    | Reached skill level 10 in Ice Magic
 32581 | Elf:2    | Reached skill level 10 in Air Magic
 32581 | Elf:2    | Reached skill level 10 in Earth Magic
 32581 | Elf:2    | Reached skill level 10 in Poison Magic
 32617 | Elf:1    | Found a shimmering blue altar of Sif Muna.
 32636 | Elf:2    | Noticed a deep elf blademaster
 32650 | Elf:1    | Killed a deep elf blademaster
 32849 | Elf:2    | Noticed Louise
 32914 | Elf:2    | Killed Louise
 33044 | Elf:2    | Noticed Nikola
 33053 | Elf:2    | Killed Nikola
 33170 | Elf:2    | Reached XP level 18. HP: 143/143 MP: 33/33
 33545 | Elf:3    | Entered Level 3 of the Elven Halls
 33601 | Elf:3    | Identified the +0 scale mail of Entitlement {Rampage rN+}
 33961 | Elf:3    | Noticed Roxanne
 34228 | Elf:3    | Killed Roxanne
 34312 | Elf:3    | Noticed a deep elf master archer
 34318 | Elf:3    | Noticed a deep elf blademaster
 34319 | Elf:3    | Killed a deep elf master archer
 34321 | Elf:3    | Noticed a deep elf master archer
 34326 | Elf:3    | Killed a deep elf blademaster
 34326 | Elf:3    | HP: 10/216 [deep elf sorcerer/bolt of acid (37)]
 34326 | Elf:3    | HP: 1/216 [acid (9)]
 34326 | Elf:3    | Shot with an arrow by a deep elf master archer

Illustrated notes

Levels and vault maps discovered:
D:1:      lightli_arrival_farm, layout_basic,
          ebering_ecumenical_altar_sacrificial
D:2:      layout_loops_ring, grunt_decor_cap, bh_walls_and_bars, uniq_jessica,
          uniq_terence, uniq_robin
D:3:      cheibrodos_fertilizer, layout_loops_ring, nzn_wu_jian_council_hall
D:4:      minmay_diamond_boxcup, layout_rooms, nicolae_overflow_hidden_temple,
          nicolae_overflow_crystal_walls, minmay_temple_entry_grid
D:5:      layout_basic
D:6:      layout_loops_ring
D:7:      layout_basic
D:8:      layout_layer_cave, overflow_temple_1_default, erik_lair_island
D:9:      layout_basic, gammafunk_temple_overflow_statue,
          hangedman_feature_mirror, guppyfry_shop_venom
D:10:     layout_loops_ring, hiddenorc1_lemuel, serial_shops, shop, uniq_harold
D:11:     minmay_bubble_buster, layout_basic, uniq_erica
D:12:     layout_irregular_city, uniq_kirke, uniq_urug
D:13:     layout_long_grid, grunt_vaults_entry_tiered,
          onia_ninara_dug_in_and_dangerous, uniq_maurice
D:14:     layout_irregular_city, minmay_the_grid_square_5x5_3x3_mashed
          [minmay_the_grid_square_5x5_bridge,
          minmay_the_grid_square_5x5_shrine1,
          minmay_the_grid_square_5x5_shuriken, minmay_the_grid_square_5x5_n,
          minmay_the_grid_square_5x5_megaprize_hollow,
          minmay_the_grid_square_5x5_percent, minmay_the_grid_square_5x5_slash,
          minmay_the_grid_square_5x5_spiral, minmay_the_grid_square_5x5_forky]
D:15:     grunt_enter_depths_magical_seal, layout_irregular_city
Temple:   eino_temple_scatter_basement
Lair:1:   layout_loops_ring, serial_bayou_shore_a, uniq_gastronok
Lair:2:   layout_chaotic_city, elwin_shoals_entry_rocks,
          grunt_forest_large_clearings
Lair:3:   layout_long_grid, gammafunk_ghost_arena, basic_altar,
          minmay_lair_oklob_items, nzn_masters_of_martial_movement,
          grunt_megastairs_5
Lair:4:   layout_small_grid, dummy_snake_entry, uniq_josephine
Lair:5:   regret_index_bee_streams, layout_cellular_growth,
          infiniplex_staircase_pool, grunt_megastairs_3
Lair:6:   evilmike_catoblepas_cave, layout_cave_pods, dpeg_slime_entry_corner
Orc:1:    layout_caves
Orc:2:    st_orc_town, layout_caves, uniq_erolcha
Elf:1:    layout_loops_ring, minmay_elf_annihilation, lemuel_upstairs_altar
Elf:2:    layout_geoelf_diagonals, uniq_nikola, uniq_louise
Elf:3:    minmay_elf_hall_furrowed, layout_geoelf_grid, uniq_roxanne

Skill      XL: |  1  2  3  4  5  6  7  8  9 10 11 12 13 14 15 16 17 18 |
---------------+-------------------------------------------------------+-----
Stealth        | 10 11 12 13 14 | 14.8
Invocations    | 1 2 3 4 5 6 7 8 9 10 11 12 13 | 13.1
Short Blades   | 1 2 3 4 5 6 7 8 9 10 11 12 | 12.1
Long Blades    | 1 2 3 4 5 6 7 8 9 10 11 12 | 12.1
Axes           | 1 2 3 4 5 6 7 8 9 10 11 12 | 12.1
Maces & Flails | 1 2 3 4 5 6 7 8 9 10 11 12 | 12.1
Staves         | 1 2 3 4 5 6 7 8 9 10 11 12 | 12.1
Slings         | 1 2 3 4 5 6 7 8 9 10 11 12 | 12.1
Bows           | 1 2 3 4 5 6 7 8 9 10 11 12 | 12.1
Crossbows      | 1 2 3 4 5 6 7 8 9 10 11 12 | 12.1
Throwing       | 1 2 3 4 5 6 7 8 9 10 11 12 | 12.1
Armour         | 1 2 3 4 5 6 7 8 9 10 11 12 | 12.1
Shields        | 1 2 3 4 5 6 7 8 9 10 11 12 | 12.1
Unarmed Combat | 1 2 3 4 5 6 7 8 9 10 11 12 | 12.1
Spellcasting   | 1 2 3 4 5 6 7 8 9 10 11 12 | 12.1
Evocations     | 1 2 3 4 5 6 7 8 9 10 11 12 | 12.1
Conjurations   | 1 2 3 4 5 6 7 8 9 10 | 10.4
Hexes          | 1 2 3 4 5 6 7 8 9 10 | 10.4
Summonings     | 1 2 3 4 5 6 7 8 9 10 | 10.4
Necromancy     | 1 2 3 4 5 6 7 8 9 10 | 10.4
Translocations | 1 2 3 4 5 6 7 8 9 10 | 10.4
Transmutations | 1 2 3 4 5 6 7 8 9 10 | 10.4
Fire Magic     | 1 2 3 4 5 6 7 8 9 10 | 10.4
Ice Magic      | 1 2 3 4 5 6 7 8 9 10 | 10.4
Air Magic      | 1 2 3 4 5 6 7 8 9 10 | 10.4
Earth Magic    | 1 2 3 4 5 6 7 8 9 10 | 10.4
Poison Magic   | 1 2 3 4 5 6 7 8 9 10 | 10.4
Polearms       | 5 6 7 8 9 10 11 12 | 12.8
Dodging        | 5 6 7 8 9 10 11 12 | 12.8
Fighting       | 7 8 9 10 11 12 13 | 13.5

Action                   |  1- 3 |  4- 6 |  7- 9 | 10-12 | 13-15 | 16-18 || total
-------------------------+-------+-------+-------+-------+-------+-------++-------
Melee: Great mace        |    27 |   105 |   109 |       |       |       ||   241
       Bite              |     2 |     5 |    32 |   125 |   179 |    94 ||   437
       Whip              |       |       |   129 |   722 |   535 |       ||  1386
       Punch             |       |       |     9 |    34 |    65 |     4 ||   112
       Broad axe         |       |       |       |       |   581 |   585 ||  1166
 Fire: Hunting sling     |       |   104 |    20 |     2 |       |       ||   126
       Hand crossbow     |       |       |       |    27 |   207 |       ||   234
       Longbow           |       |       |       |       |       |    30 ||    30
Throw: Dart              |       |       |       |     4 |     8 |     1 ||    13
       Javelin           |       |       |       |       |     9 |    35 ||    44
Invok: Cleansing Flame   |       |       |       |     1 |     1 |       ||     2
       Divine Shield     |       |       |       |     1 |       |     4 ||     5
       Summon Divine War |       |       |       |       |     1 |     2 ||     3
       Brand Weapon With |       |       |       |       |     1 |       ||     1
 Abil: Evoke Berserk Rag |       |       |       |       |     1 |     1 ||     2
Evoke: Wand              |       |       |       |     9 |     7 |     2 ||    18
       Tin of tremorston |       |       |       |       |       |     1 ||     1
  Use: Scroll            |     1 |       |     5 |    11 |    18 |     4 ||    39
       Potion            |     1 |       |       |     1 |     1 |     2 ||     5
 Stab: Sleeping          |     1 |    17 |     9 |       |       |       ||    27
       Distracted        |       |       |     1 |       |       |       ||     1
Armor: Leather armour    |    11 |       |       |       |       |       ||    11
       Scale mail        |       |     7 |       |       |       |       ||     7
       Ring mail         |       |    45 |   116 |   276 |   444 |       ||   881
       Plate armour      |       |       |       |       |    53 |   306 ||   359
Dodge: Dodged            |    32 |    75 |   178 |   609 |   983 |   247 ||  2124
Block: Other             |       |       |       |     1 |       |    21 ||    22
       Buckler           |       |       |       |       |       |   124 ||   124
       Tower shield      |       |       |       |       |       |    94 ||    94

Table legend: (Time is in decaauts)
 A = Elapsed time spent in this place.
 B = Non-inter-level travel time spent in this place.
 C = Inter-level travel time spent in this place.
 D = Time resting spent in this place.
 E = Time spent auto-exploring this place.
 F = Levels seen in this place.
 G = Mean time per level.
                   A        B        C        D        E       F      G
               +--------+--------+--------+--------+--------+-----+--------+
         Total |  34378 |  31029 |   3349 |   2033 |  21987 |  27 | 1273.3 |
       Dungeon |  18813 |  16506 |   2307 |    987 |  12264 |  15 | 1254.2 |
        Temple |    220 |    186 |     34 |      0 |    185 |   1 |  220.0 |
          Lair |   9202 |   8696 |    506 |    598 |   5894 |   6 | 1533.7 |
  Orcish Mines |   2665 |   2266 |    399 |    150 |   1414 |   2 | 1332.5 |
   Elven Halls |   3477 |   3377 |    100 |    298 |   2230 |   3 | 1159.0 |
               +--------+--------+--------+--------+--------+-----+--------+

Top non-repeatable levels by time:
    D:10: 2351 daAuts
  Lair:6: 2186 daAuts
  Lair:5: 2012 daAuts
   Orc:2: 1951 daAuts
     D:9: 1792 daAuts
     D:8: 1576 daAuts
    D:13: 1527 daAuts
  Lair:1: 1487 daAuts
  Lair:3: 1386 daAuts
   Elf:1: 1369 daAuts
     D:5: 1338 daAuts
   Elf:2: 1305 daAuts
     D:2: 1176 daAuts
     D:7: 1129 daAuts
  Lair:4: 1115 daAuts
